 Dungeon Crawl Stone Soup version 0.18-a0-1702-gd20c6a5 (webtiles) character file.

3270 dvd the Reanimator (level 9, -6/61 HPs)
             Began as a Demonspawn Necromancer on Apr 7, 2016.
             Was a Believer of Ashenzari.
             Mangled by an orc warrior
             ... wielding a +0 glaive
              (22 damage)
             ... on level 8 of the Dungeon.
             The game lasted 00:43:34 (8435 turns).

dvd the Reanimator (Demonspawn Necromancer)         Turns: 8435, Time: 00:43:34

Health: -6/61      AC:  6    Str:  7 (8)  XL:     9   Next: 68%
Magic:  1/20       EV: 14    Int: 19 (20) God:    Ashenzari [**....]
Gold:   756        SH:  0    Dex: 18      Spells: 7 memorised, 3 levels left

rFire  + + .     SeeInvis +     s - +3 hand axe (elec) (curse)
rCold  + . .     Gourm    .     B - +0 leather armour {rF+}
rNeg   . . .     Faith    .     (no shield)
rPois  .         Spirit   .     (helmet restricted)
rElec  .         Dismiss  .     (no cloak)
rCorr  .         Reflect  .     w - +0 pair of gloves
SustAt .         Harm     .     j - +1 pair of boots
MR     .....                    n - amulet of magic regeneration
Stlth  +++.......               z - ring of see invisible
                                y - ring of protection from fire

@: not resistant to hostile enchantments, fairly stealthy
A: antennae 2, claws 1, thin skeletal structure 1, agile 1, cold resistance 1,
no device heal 1
a: Curse Item, Scrying, Renounce Religion


You were on level 8 of the Dungeon.
You worshipped Ashenzari.
Ashenzari was pleased with you.
You were not hungry.

You visited 2 branches of the dungeon, and saw 9 of its levels.
You also visited: Ossuary.

You collected 756 gold pieces.

Inventory:

Hand Weapons
 a - a +1 quarterstaff of crushing
 d - a +1 flail of protection
 r - a +0 flail
 s - a cursed +3 hand axe of electrocution (weapon)
 u - a +0 long sword
Armour
 j - a +1 pair of boots (worn)
 o - a +0 buckler
 w - a +0 pair of gloves (worn)
 B - a +0 leather armour of fire resistance (worn)
Magical Staves
 l - an uncursed staff of air
Jewellery
 i - an uncursed ring of resist corrosion
 n - an amulet of magic regeneration (around neck)
 y - a ring of protection from fire (left hand)
 z - a ring of see invisible (right hand)
 I - an uncursed ring of fire
Wands
 q - a wand of paralysis (19/24)
 F - a wand of paralysis (11/24)
 G - a wand of polymorph (1/24)
 K - a wand of lightning (9/15)
Scrolls
 h - a scroll of remove curse
 m - 2 scrolls of recharging
 p - a scroll of fear
 t - 4 scrolls of identify
 x - 4 scrolls of teleportation
 E - a scroll of enchant armour
 O - a scroll of amnesia
Potions
 e - 2 potions of resistance
 f - a potion of might
 v - 2 potions of agility
 A - a potion of flight
 H - 4 potions of curing
 J - a potion of heal wounds
 P - a potion of cure mutation
Books
 b - a book of Necromancy

   Spells                             Type                      Level
   a - Pain                           Necromancy                   1
   b - Animate Skeleton               Necromancy                   1
   c - Vampiric Draining              Necromancy                   3
   d - Regeneration                   Charms/Necromancy            3
   e - Animate Dead                   Necromancy                   4
   f - Control Undead                 Necromancy                   4
 D - a book of Spatial Translocations

   Spells                             Type                      Level
   a - Apportation                    Translocation                1
   b - Blink                          Translocation                2
   c - Shroud of Golubria             Charms/Translocation         2
   d - Portal Projectile              Translocation                3
   e - Teleport Other                 Translocation                3
   f - Passage of Golubria            Translocation                4
 L - a book of Beasts

   Spells                             Type                      Level
   a - Summon Butterflies             Summoning                    1
   b - Call Canine Familiar           Summoning                    3
   c - Summon Ice Beast               Ice/Summoning                4
   d - Summon Mana Viper              Hexes/Summoning              5
   e - Summon Hydra                   Summoning                    7
 N - a book of the Dragon

   Spells                             Type                      Level
   a - Flame Tongue                   Conjuration/Fire             1
   b - Cause Fear                     Hexes                        4
   c - Bolt of Fire                   Conjuration/Fire             6
   d - Dragon Form                    Transmutation                7
   e - Dragon's Call                  Summoning                    9
Comestibles
 c - 11 bread rations
 g - 4 beef jerkies
 k - 4 meat rations
 C - 2 chunks of flesh


   Skills:
 + Level 2.1 Fighting
   Level 0.1 Short Blades
 + Level 1.9(3.6) Axes
 + Level 0.1(1.1) Maces & Flails
 + Level 1.1 Armour
 + Level 4.5 Dodging
 + Level 4.4 Stealth
 + Level 0.3 Shields
 + Level 0.1 Unarmed Combat
 + Level 7.4 Spellcasting
 + Level 2.0 Charms
 + Level 9.7 Necromancy
 + Level 0.8 Translocations
 + Level 0.6 Evocations


You had 3 spell levels left.
You knew the following spells:

 Your Spells              Type           Power        Failure   Level  Hunger
a - Pain                  Necr           ####         1%          1    None
b - Vampiric Draining     Necr           #####.....   1%          3    #......
c - Regeneration          Chrm/Necr      ####......   4%          3    #......
d - Animate Dead          Necr           N/A          2%          4    ###....
e - Shroud of Golubria    Chrm/Tloc      ##........   14%         2    None
f - Blink                 Tloc           N/A          17%         2    None
g - Control Undead        Necr           #####.....   2%          4    ###....


Dungeon Overview and Level Annotations

Branches:
Dungeon (8/15)             Temple (1/1) D:7
   Lair: D:8-11

Altars:
Ashenzari
Cheibriados
Dithmenos
Elyvilon
Kikubaaqudgha
Makhleb
Okawaru
Pakellas
Qazlal
Ru
Sif Muna
Trog
Vehumet
Yredelemnul
Zin
The Shining One

Shops:
D:2 }


Innate Abilities, Weirdness & Mutations

You have a pair of antennae on your head.
You have a somewhat thin skeletal structure (Dex +2, Stealth).
Your flesh is cold resistant.
You have sharp fingernails.
You are agile. (Dex +2)
Potions and wands are less effective at restoring your health.


Message History

Press: ? - help, Shift-Dir - straight line, f - orc priest
Aim: an orc priest, wielding a dagger and wearing a glowing ring mail (lightly wounded)
The orc priest is almost dead.
You feel life coursing into your body. The orc wizard barely misses you.
The orc priest misses you.
The orc warrior hits you from afar with a glaive!
* * * LOW HITPOINT WARNING * * *
The orc wizard gestures at you while chanting.
The magic dart hits you! The orc misses you.
Casting: Vampiric Draining
Confirm with . or Enter, or press ? or * to list all spells.
Aiming: Vampiric Draining
Press: ? - help, Shift-Dir - straight line, f/p - orc priest
Aim: an orc priest, wielding a dagger and wearing a glowing ring mail (almost dead)
You kill the orc priest!
The orc wizard gestures at you while chanting.
The magic dart hits you!
* * * LOW HITPOINT WARNING * * *
The orc warrior hits you from afar with a glaive!!
You die...

,, ###### ###....##. , #.....#
####.)...#### #.....#
###.....##.# , #[..<.#
#...#.####.# * #.....#
############ ** ## #.....#
###..........o *#.*
#.....###8..8..8..8.o 8 , #.
#.....)#o..[.......oo *
.#####.#..@o..)).....ooo
..####.#.)#)oZZ.)......o
#.##....)###8Z.8..8..8..
#......### ###))........,,
#.###.#.##.# ###########*
#.......##.# #.# ..........##.###
#.##
##....#..(.....###########..#
......##.#.#.#.........)....#####


You could see an orc warrior, an orc wizard, an orc and 3 friendly orc zombies.

Vanquished Creatures
  4 yaks (D:8)
  The ghost of barb4r1an the Skirmisher, an amateur MiBe of Trog (D:3)
  4 orc warriors
  A phantom (D:7)
  5 ogres
  A necrophage (D:7)
  A centaur (D:6)
  2 giant frogs
  2 scorpions
  5 killer bees (D:5)
  A crimson imp (D:6)
  A quasit (D:7)
  2 orc priests
  2 giant frog skeletons
  3 hounds
  A jelly (D:7)
  3 orc wizards
  An iguana (D:7)
  3 worker ants
  Natasha (thrice) (D:3)
  7 mummies (Ossuary)
  14 gnolls
  10 adders
  A worm (D:3)
  3 dart slugs
  8 giant geckos
  24 orcs
  8 giant cockroaches
  A gnoll zombie (Ossuary)
  11 goblins
  8 hobgoblins
  8 jackals
  5 kobolds
  5 quokkas
  2 ball pythons
  13 bats
  A giant gecko zombie (D:6)
  5 giant newts
  A goblin zombie (D:7)
  A hobgoblin zombie (Ossuary)
  2 kobold zombies (Ossuary)
  4 orc zombies (Ossuary)
  A quokka skeleton (D:7)
  A quokka zombie (D:7)
  7 rats
197 creatures vanquished.

Vanquished Creatures (collateral kills)
  A hound (D:5)
  An orc wizard (D:8)
  A mummy (Ossuary)
  7 orcs (D:8)
10 creatures vanquished.

Grand Total: 207 creatures vanquished

Notes
Turn   | Place    | Note
--------------------------------------------------------------
     0 | D:1      | dvd the Demonspawn Necromancer began the quest for the Orb.
     0 | D:1      | Reached XP level 1. HP: 13/13 MP: 3/3
   181 | D:1      | Gained mutation: Your flesh is cold resistant. [demonic ancestry]
   181 | D:1      | Reached XP level 2. HP: 14/19 MP: 0/5
   999 | D:1      | Reached skill level 5 in Necromancy
  1136 | D:1      | Gained mutation: You have a pair of small antennae on your head. [demonic ancestry]
  1136 | D:1      | Reached XP level 3. HP: 22/24 MP: 3/6
  1141 | D:1      | Learned a level 3 spell: Vampiric Draining
  1620 | D:2      | Gained mutation: You have a somewhat thin skeletal structure (Dex +2, Stealth). [demonic ancestry]
  1620 | D:2      | Reached XP level 4. HP: 18/30 MP: 0/8
  1747 | D:2      | Learned a level 3 spell: Regeneration
  2310 | D:2      | Found an oddly glowing altar of Pakellas.
  2310 | D:2      | Found Pakellas's Prime Provisions.
  2425 | D:3      | Noticed barb4r1an's ghost (amateur MiBe)
  2584 | D:3      | Reached XP level 5. HP: 35/35 MP: 2/9
  2835 | D:3      | Noticed Natasha
  2929 | D:3      | Killed Natasha
  2929 | D:3      | Reached skill level 6 in Necromancy
  2979 | D:3      | Noticed Natasha
  2984 | D:3      | Killed Natasha
  3010 | D:3      | Noticed Natasha
  3019 | D:3      | Killed Natasha
  3019 | D:3      | Reached XP level 6. HP: 27/41 MP: 0/11
  3066 | D:3      | Found a shattered altar of Ashenzari.
  3070 | D:3      | Became a worshipper of Ashenzari the Shackled
  3219 | D:3      | Learned a level 4 spell: Animate Dead
  4025 | D:5      | Entered Level 5 of the Dungeon
  4151 | D:5      | Reached * piety under Ashenzari
  4171 | D:5      | HP: 1/41 [killer bee (4)]
  4306 | D:6      | Reached skill level 7 in Necromancy
  4310 | D:6      | Reached XP level 7. HP: 32/46 MP: 4/13
  4831 | D:6      | Reached skill level 1 in Charms
  4866 | D:6      | Reached skill level 5 in Spellcasting
  5142 | D:6      | Learned a level 2 spell: Shroud of Golubria
  5145 | D:6      | Learned a level 2 spell: Blink
  5486 | D:5      | Found an iron altar of Okawaru.
  5753 | D:5      | Gained mutation: You have a pair of antennae on your head. [demonic ancestry]
  5753 | D:5      | Reached XP level 8. HP: 43/53 MP: 10/16
  5958 | D:5      | Reached skill level 1 in Fighting
  6212 | D:3      | Killed barb4r1an's ghost
  6212 | D:3      | Reached skill level 8 in Necromancy
  6507 | D:3      | Found a glowing silver altar of Zin.
  6696 | D:6      | Reached skill level 1 in Axes
  6803 | D:7      | Found a sand-covered staircase.
  6820 | Ossuary  | Entered an ossuary
  6861 | Ossuary  | Learned a level 4 spell: Control Undead
  7033 | Ossuary  | Gained mutation: Potions and wands are less effective at restoring your health. [potion of mutation]
  7033 | Ossuary  | Gained mutation: You have sharp fingernails. [potion of mutation]
  7033 | Ossuary  | Gained mutation: You are agile. (Dex +2) [potion of mutation]
  7309 | D:7      | Reached XP level 9. HP: 60/60 MP: 11/18
  7530 | D:7      | Found a staircase to the Ecumenical Temple.
  7793 | Temple   | Entered the Ecumenical Temple
  7912 | D:8      | Reached skill level 9 in Necromancy
  8249 | D:8      | Reached ** piety under Ashenzari
  8360 | D:8      | Found a runed door.
  8409 | D:8      | Reached skill level 1 in Armour
  8435 | D:8      | Mangled by an orc warrior

Vault maps used:
D:1:      saegor_arrival_simple_a, st_stairs_9, kennysheep_boxes
D:2:      johnstein_pakellas_shop, first_bread
D:3:      lemuel_coloured_pillars_altar, lemuel_crystal_altar, grunt_decor_cap,
          uniq_natasha
D:5:      kennysheep_okawaru_gauntlet
D:6:      grunt_tough_drop
D:7:      temple_fountains, enter_ossuary_4
D:8:      nicolae_overflow_hidden_temple, minmay_misc_feat_doors,
          grunt_livestock, lightli_church_of_beogh
Temple:   circular_temple_12
Ossuary:  ossuary_tomb_3

Skill      XL: |  1  2  3  4  5  6  7  8  9 |
---------------+----------------------------+-----
Stealth        | 2 4 |  4.4
Necromancy     | 5 6 7 8 9 |  9.7
Dodging        | 2 3 4 |  4.5
Spellcasting   | 3 4 5 6 7 |  7.4
Charms         | 1 2 |  2.0
Fighting       | 1 2 |  2.1
Axes           | 1 |  1.9
Armour         | 1 |  1.1
Short Blades   | |  0.1
Maces & Flails | |  0.1
Shields        | |  0.3
Unarmed Combat | |  0.1
Translocations | |  0.8
Evocations     | |  0.6

Action                   |  1- 3 |  4- 6 |  7- 9 || total
-------------------------+-------+-------+-------++-------
Melee: Unarmed           |     4 |       |       ||     4
       Short sword       |     9 |       |       ||     9
       Flail             |     2 |    10 |       ||    12
       Hand axe          |       |    29 |   215 ||   244
 Cast: Pain              |    50 |    90 |    60 ||   200
       Vampiric Draining |     3 |    21 |    63 ||    87
       Regeneration      |       |    14 |    20 ||    34
       Animate Dead      |       |     3 |    14 ||    17
       Shroud of Golubri |       |       |    10 ||    10
       Control Undead    |       |       |     3 ||     3
       Blink             |       |       |     1 ||     1
Invok: Curse Item        |       |       |     1 ||     1
Evoke: Wand              |       |     6 |     3 ||     9
  Use: Scroll            |       |     3 |    10 ||    13
       Potion            |       |     1 |    13 ||    14
 Stab: Sleeping          |     3 |     3 |     9 ||    15
       Paralysed         |       |       |     7 ||     7
       Distracted        |       |       |     2 ||     2
  Eat: Chunk             |     3 |    12 |    19 ||    34
       Royal jelly       |       |       |     1 ||     1
